 Dungeon Crawl Stone Soup version 0.25.1-2-g60ff931df9 (webtiles) character file.

Game seed: 7652762928001492195

62 raphialitos the Covered (level 3, -2/33 HPs)
             Began as a Minotaur Fighter on Oct 16, 2020.
             Was an Initiate of the Shining One.
             Slain by a gnoll
             ... wielding a +0 spear
              (4 damage)
             ... on level 2 of the Dungeon.
             The game lasted 00:01:47 (1320 turns).

raphialitos the Covered (Minotaur Fighter)          Turns: 1320, Time: 00:01:48

Health: -2/33      AC:  7    Str: 21    XL:     3   Next: 85%
Magic:  2/2        EV:  7    Int:  5    God:    the Shining One [......]
Gold:   59         SH:  9    Dex:  9    Spells: 2/2 levels left

rFire    . . .     SeeInvis .   a - +0 long sword
rCold    . . .     Gourm    .   c - +0 kite shield
rNeg     . . .     Faith    .   b - +0 scale mail
rPois    .         Spirit   .   (helmet restricted)
rElec    .         Reflect  .   (no cloak)
rCorr    .         Harm     .   (no gloves)
MR       .....                  (no boots)
Stlth    ..........             (no amulet)
HPRegen  0.11/turn              (no ring)
MPRegen  0.08/turn              (no ring)

@: glowing
A: retaliatory headbutt, horns 2
a: Renounce Religion


You were on level 2 of the Dungeon.
You worshipped the Shining One.
The Shining One was noncommittal.
You were not hungry.

You visited 1 branch of the dungeon, and saw 2 of its levels.

You collected 59 gold pieces.

Inventory:

Hand Weapons
 a - a +0 long sword (weapon)
Missiles
 h - 17 poisoned darts (quivered)
 m - 23 arrows
 q - 7 silver boomerangs
Armour
 b - a +0 scale mail (worn)
 c - a +0 kite shield (worn)
Scrolls
 e - a scroll of enchant weapon {unknown}
 i - 2 scrolls of enchant armour {unknown}
 n - a scroll of identify {unknown}
 p - a scroll of remove curse {unknown}
 r - a scroll of blinking {unknown}
Potions
 d - a potion of might
 g - a potion of flight {unknown}
 j - a potion of degeneration {unknown}
 k - a potion of haste {unknown}
 l - a potion of resistance {unknown}
 o - a potion of lignification {unknown}
 t - a potion of mutation {unknown}
Comestibles
 f - 6 rations
 s - 4 chunks of flesh


   Skills:
 + Level 4.2 Fighting
 + Level 3.2 Long Blades
 + Level 4.3 Armour
 + Level 0.1 Dodging
 + Level 0.4 Stealth
 + Level 4.1 Shields


You had 2 spell levels left.
You didn't know any spells.
Your spell library was empty.

Dungeon Overview and Level Annotations

Branches:
Dungeon (2/15)

Altars:
Elyvilon
Fedhas
The Shining One


Innate Abilities, Weirdness & Mutations

You reflexively headbutt those who attack you in melee.
You have a pair of horns on your head.


Message History

The gnoll hits you but does no damage. The gnoll hits you with a +0 flail.
You block the gnoll's attack. You block the adder's attack.
The gnoll hits you from afar with a +0 spear.
You hit the gnoll. Your headbutt misses the gnoll.
The gnoll is heavily wounded.
The adder bites you but does no damage. You block the gnoll's attack.
The gnoll hits you. The gnoll completely misses you. The adder bites you.
The gnoll barely misses you.
You barely miss the gnoll.
The gnoll is heavily wounded.
The gnoll hits you with a +0 flail. The adder barely misses you.
You riposte.
You closely miss the adder.
The adder is moderately wounded.
The gnoll hits you from afar with a +0 spear.
* * * LOW HITPOINT WARNING * * *
The gnoll hits you.
* * * LOW HITPOINT WARNING * * *
You block the adder's attack.
The gnoll hits you from afar with a +0 spear.
You die...

#...........#
#.##############
#...÷...........
#.###.########## #.# #.#
#.###.############
###.................
..#...........##########
..'..#.........S@.g.....
..#.............gg....##
###÷.....#.##.#.#####.#
###_.###.#.##.#.#
.................
###.<###...##.#.##
#........#.......
#...............#
.###.....#.#


You could see 3 gnolls and an adder.

Vanquished Creatures
  2 adders (D:2)
  A worm (D:2)
  2 dart slugs (D:1)
  2 leopard geckos (D:1)
  A ball python (D:1)
  2 giant cockroaches
  6 goblins
  3 hobgoblins
  A quokka (D:2)
  6 bats
  2 kobolds (D:1)
  5 rats
33 creatures vanquished.

Notes
Turn   | Place    | Note
-------+----------+-------------------------------------------
     0 | D:1      | raphialitos the Minotaur Fighter began the quest for the
                  | Orb.
     0 | D:1      | Reached XP level 1. HP: 19/19 MP: 0/0
   123 | D:1      | Reached XP level 2. HP: 25/27 MP: 1/1
   692 | D:1      | Found a glowing golden altar of the Shining One.
   705 | D:1      | Reached XP level 3. HP: 29/33 MP: 2/2
  1031 | D:1      | Became a worshipper of the Shining One
  1221 | D:2      | Found a white marble altar of Elyvilon.
  1229 | D:2      | Found a blossoming altar of Fedhas.
  1320 | D:2      | Slain by a gnoll

Illustrated notes

Levels and vault maps discovered:
D:1:      minmay_arrival_wavy_path, layout_loops_corners, roderic_roman_lattice,
          corexii_hall_statues_x, tso_metal_star
D:2:      layout_basic, overflow_temple_1_default, elyvilon_altar_4,
          uniq_sigmund, uniq_robin

Skill      XL: |  1  2  3 |
---------------+----------+-----
Armour         | 4 |  4.3
Fighting       | 4 |  4.2
Shields        | 4 |  4.1
Long Blades    | 3 |  3.2
Dodging        | |  0.1
Stealth        | |  0.4

Action                   || total
-------------------------++-------
Melee: Long sword        ||    70
       Headbutt          ||     7
  Eat: Chunk             ||     1
Armor: Scale mail        ||    36
Dodge: Dodged            ||    21
Block: Kite shield       ||    46
       Rpst.: Long sword ||     7
